 Dungeon Crawl Stone Soup version 0.28.0-43-g3370ac3207 (webtiles) character file.

Game seed: 7052056071323045822

363 Peloso the Covered (level 6, 53/53 HPs)
             Began as a Minotaur Fighter on Mar 27, 2022.
             Got out of the dungeon alive.
             The game lasted 00:03:31 (2107 turns).

Peloso the Covered (Minotaur Fighter)               Turns: 2107, Time: 00:03:31

Health: 53/53      AC: 10    Str: 20    XL:     6   Next: 39%
Magic:  5/5        EV:  8    Int:  5    God:
Gold:   59         SH:  5    Dex: 12    Spells: 5/5 levels left

rFire   . . .      SeeInvis .   a - +0 long sword
rCold   . . .      Faith    .   c - +0 buckler
rNeg    . . .      Spirit   .   g - +1 chain mail
rPois   .          Reflect  .   (helmet restricted)
rElec   .          Harm     .   (no cloak)
rCorr   .          Rampage  .   (no gloves)
Will    .....                   (no boots)
Stlth   ..........              (no amulet)
HPRegen 0.17/turn               (no ring)
MPRegen 0.09/turn               (no ring)

@: no status effects
A: horns 2, retaliatory headbutt
a: no special abilities


You escaped.
You visited 1 branch of the dungeon, and saw 2 of its levels.

You collected 59 gold pieces.

Inventory:

Hand Weapons
 a - a +0 long sword (weapon)
Armour
 b - a +0 scale mail
 c - a +0 buckler (worn)
 g - a +1 chain mail (worn)
Scrolls
 e - a scroll of teleportation


   Skills:
 + Level 4.5 Fighting
 + Level 5.1 Long Blades
 + Level 5.2 Armour
 + Level 2.0 Dodging
 + Level 0.2 Stealth
 + Level 4.9 Shields


You had 5 spell levels left.
You didn't know any spells.
Your spell library contained the following spells:

 Spells                   Type           Power      Damage    Failure   Level
 Stone Arrow              Conj/Erth      0%         3d7       100%        3
 Animate Armour           Summ/Erth      0%         N/A       100%        4
 Fireball                 Conj/Fire      0%         3d3       100%        5
 Starburst                Conj/Fire      0%         6d3       100%        6
 Ignition                 Fire           0%         3d3       100%        8
 Lehudib's Crystal Spear  Conj/Erth      0%         10d2      100%        8


Dungeon Overview and Level Annotations

Branches:
Dungeon (2/15)

Altars:


Innate Abilities, Weirdness & Mutations

You have a pair of horns on your head.
You reflexively headbutt those who attack you in melee.


Message History

Done exploring.
Done exploring.
Done exploring.
Done exploring.
It was a potion of lignification.
You turn into a tree.
Your +0 chain mail melds into your body.
Your roots penetrate the ground.
As you read the scroll labelled MUIPINU XYWN, it crumbles to dust.
It is a scroll of identify.
e - a scroll of teleportation
As you read the scroll labelled BIUNABOELU, it crumbles to dust.
You cannot blink because you are held in place by your roots.
It was a scroll of blinking.
As you read the scroll labelled KIEKICHAY, it crumbles to dust.
You hear a loud clanging noise!
It was a scroll of noise.
As you read the scroll labelled ADO YTEUGIXYCY, it crumbles to dust.
It is a scroll of enchant armour.
Your +0 chain mail glows green for a moment.
You start waiting.
Your transformation is almost over.
HP restored.
You feel less wooden.
Your +1 chain mail unmelds from your body.
You start waiting.
Done waiting.
You start waiting.
Done waiting.
You start waiting.
Done waiting.
(D) Dungeon
Where to? (Enter - D:12, ? - help)
What level of the Dungeon? (default 1, ? - help)
There is a stone staircase leading up here.
You climb upwards.
There is a stone staircase leading down here.
There is an empty arch of ancient stone here.
There is a staircase leading out of the dungeon here.
Are you sure you want to leave the Dungeon?
This will make you lose the game!
You have escaped!

##.......# #...............#..#
########## ##.###.#.......#.#..#
# #......#..#...##.#..# #
#.######.........#..#
##......#....#..#.(...
#........#..##..####..
#..⌠.........#..#.....
############............####.#...
...............>@.∩..(.......#.#.
###########............#######.#.
#...⌠............# #.#.
#.........#.####.# #.##
#..............#.# #.#
##...(....#.##...# #.#
########.#.########.# #...#
##...#.# ##..# #......##


There were no monsters in sight!

Vanquished Creatures
  An ogre (D:2)
  A phantom (D:2)
  3 jellies (D:2)
  7 adders (D:2)
  A dart slug (D:2)
  4 bats (D:2)
  8 endoplasms (D:2)
  5 goblins
  6 hobgoblins
  A quokka (D:2)
  3 ball pythons
  3 frilled lizards
  9 kobolds
  2 rats (D:1)
54 creatures vanquished.

Vanquished Creatures (others)
  3 fungi (D:2)
  10 toadstools (D:2)
13 creatures vanquished.

Grand Total: 67 creatures vanquished

Notes
Turn   | Place    | Note
-------+----------+-------------------------------------------
     0 | D:1      | Peloso the Minotaur Fighter began the quest for the Orb.
     0 | D:1      | Reached XP level 1. HP: 19/19 MP: 0/0
   238 | D:1      | Reached XP level 2. HP: 21/27 MP: 1/1
   552 | D:2      | Reached skill level 1 in Dodging
   607 | D:2      | Noticed an ogre
   662 | D:2      | Killed an ogre
   663 | D:2      | Reached XP level 3. HP: 33/33 MP: 2/2
   663 | D:2      | Reached XP level 4. HP: 40/40 MP: 3/3
   831 | D:2      | Reached XP level 5. HP: 46/46 MP: 4/4
   840 | D:2      | Noticed a phantom
   855 | D:2      | Killed a phantom
   856 | D:2      | Reached skill level 5 in Armour
  1493 | D:2      | Reached XP level 6. HP: 46/53 MP: 5/5
  1509 | D:2      | Reached skill level 5 in Long Blades
  2107 | D:$      | Got out of the dungeon alive.

Illustrated notes

Levels and vault maps discovered:
D:1:      wander_arrival_desolate, layout_basic, serial_bayou_pond_c,
          chequers_serial_rivers_room_b
D:2:      cheibrodos_fertilizer, layout_loops_ring

Skill      XL: |  1  2  3  4  5  6 |
---------------+-------------------+-----
Armour         | 4 5 |  5.2
Dodging        | 1 2 |  2.0
Fighting       | 4 |  4.5
Long Blades    | 3 4 5 |  5.1
Shields        | 4 |  4.9
Stealth        | |  0.2

Action                   |  1- 3 |  4- 6 || total
-------------------------+-------+-------++-------
Melee: Long sword        |    40 |    93 ||   133
       Headbutt          |     2 |    16 ||    18
  Use: Potion            |     1 |     1 ||     2
       Scroll            |       |     4 ||     4
Armor: Scale mail        |     8 |       ||     8
       Chain mail        |    29 |    57 ||    86
Dodge: Dodged            |    31 |    34 ||    65
Block: Buckler           |    23 |    30 ||    53
